 Dungeon Crawl Stone Soup version 0.26-a0-20-g5f92b90fa0 (webtiles) character file.

Game seed: 3086932788620250452, levelgen mode: deterministic

971 vurker the Chiller (level 7, 33/33 HPs)
             Began as a Felid Ice Elementalist on May 25, 2020.
             Was a Follower of Vehumet.
             Quit the game on level 7 of the Dungeon.
             The game lasted 00:20:16 (10034 turns).

vurker the Chiller (Felid Ice Elementalist)        Turns: 10034, Time: 00:20:16

Health: 33/33      AC:  2    Str:  4    XL:     7   Next: 94%
Magic:  18/18      EV: 18    Int: 19    God:    Vehumet [*.....]
Gold:   716        SH:  0    Dex: 16    Spells: 5/20 levels left
                                        Lives:  1   Deaths: 1

rFire    . . .     SeeInvis +   (weapon unavailable)
rCold    . . .     Gourm    .   (shield unavailable)
rNeg     . . .     Faith    .   (armour unavailable)
rPois    .         Spirit   .   (helmet unavailable)
rElec    .         Reflect  .   (cloak unavailable)
rCorr    .         Harm     .   (gloves unavailable)
MR       +....                  (boots unavailable)
Stlth    +++.......             (no amulet)
HPRegen  0.11/turn              (no ring)
MPRegen  0.16/turn              (no ring)

@: quick
A: very small, no armour, no weapons or thrown items, stealth, claws 1, fangs 3,
see invisible, carnivore, speed 1, shaggy fur 2, slow metabolism 1, sharp paws
a: Renounce Religion


You were on level 7 of the Dungeon.
You worshipped Vehumet.
Vehumet was aware of your devotion.
You were not hungry.

You visited 2 branches of the dungeon, and saw 8 of its levels.

You collected 716 gold pieces.

Inventory:

Scrolls
 a - 3 scrolls of remove curse
 d - a scroll of noise {unknown}
 h - 2 scrolls of blinking
 k - 4 scrolls of amnesia
 l - 2 scrolls of fog
 m - 2 scrolls of teleportation {unknown}
 n - 3 scrolls of magic mapping
 o - a scroll of immolation {unknown}
Potions
 b - a potion of ambrosia
 c - a potion of berserk rage {unknown}
 f - 3 potions of heal wounds
 g - 5 potions of curing
 i - a potion of resistance
 j - a potion of invisibility
 p - a potion of lignification
 q - a potion of mutation
 r - a potion of flight
Comestibles
 e - 12 rations


   Skills:
 + Level 5.0 Fighting
 - Level 2.6 Dodging
 - Level 2.6 Stealth
 * Level 7.0 Spellcasting
 * Level 7.6 Ice Magic


You had 5 spell levels left.
You knew the following spells:

 Your Spells              Type           Power        Failure   Level  Hunger
a - Freeze                Ice            ####         1%          1    None
b - Frozen Ramparts       Ice            #####.       1%          3    #......
c - Hailstorm             Conj/Ice       ###.....     21%         4    ###....
d - Summon Ice Beast      Ice/Summ       ###.....     21%         4    ###....
q - Ozocubu's Armour      Chrm/Ice       ###.....     6%          3    #......

Your spell library contained the following spells:

 Spells                   Type           Power        Failure   Level  Hunger
 Sandblast                Erth           #.....       10%         1    None


Dungeon Overview and Level Annotations

Branches:
Dungeon (7/15)             Temple (1/1) D:5

Altars:
Dithmenos
Elyvilon
Fedhas
Hepliaklqana
Makhleb
Nemelex Xobeh
Okawaru
Vehumet
Xom

Shops:
D:6 [

Annotations:
D:7 Pikel


Innate Abilities, Weirdness & Mutations

You cannot wear armour.
You are incapable of wielding weapons or throwing items.
Your paws allow you to move quietly. (Stealth)
You have sharp claws.
You have razor-sharp teeth.
You have supernaturally acute eyesight. (SInv)
You are carnivorous and can eat meat at any time.
You cover ground quickly.
You are covered in thick fur. (AC +2)
You have a slow metabolism.
Your sharp claws are effective at attacking unaware monsters.


Message History

t - Meow!
Orders for allies: a - Attack new target. p - Attack previous target. r - Retreat! s - Stop attacking. g - Guard the area. f - Follow me.
Anything else - Cancel.
Gang up on whom?
Aim: a phantom Attack!
Your ice beast closely misses the phantom.
Your ice beast hits the phantom.
Your ice beast freezes the phantom.
The phantom resists.
Your ice beast closely misses the phantom.
The phantom hits your ice beast.
Your ice beast hits the phantom but does no damage.
Your ice beast hits the phantom.
Your ice beast freezes the phantom.
The phantom resists.
The phantom closely misses your ice beast.
Your ice beast barely misses the phantom.
Your ice beast misses the phantom.
The phantom hits your ice beast.
The phantom blinks!
You aren't carrying any items that you can evoke.
Unknown command.
The phantom blinks!
The phantom is too close now for your liking.
The phantom blinks!
Your ice beast closely misses the phantom.
The phantom hits your ice beast!
The spell is quite dangerous to cast (21% risk of failure)!
Continue anyway? [Y]es or [N]o only, please.
The spell is quite dangerous to cast (21% risk of failure)!
Continue anyway?
A cannonade of hail descends around you!
The hail pelts the phantom.
The phantom partially resists.
The phantom hits your ice beast!
The spell is quite dangerous to cast (21% risk of failure)!
Continue anyway? [Y]es or [N]o only, please.
The spell is quite dangerous to cast (21% risk of failure)!
Continue anyway?
You miscast Hailstorm.
You are very lightly contaminated with residual magic.
You feel uncomfortably cold!
* * * LOW HITPOINT WARNING * * *
The phantom barely misses your ice beast.
The spell is quite dangerous to cast (21% risk of failure)!
Continue anyway? [Y]es or [N]o only, please.
The spell is quite dangerous to cast (21% risk of failure)!
Continue anyway?
You miscast Hailstorm.
Frost covers your body!
You die...
Your ice beast hits the phantom but does no damage.
The phantom hits your ice beast.
You are now level 7!
You rejoin the land of the living...

#.#.# ...#.........## #.#.#
#.#.####..#.# #.#.#
###..(......#.# #.#.#
#...#.#####.#.## ....#
#.###.##.(.....# .####
##.###.##.##.#..# .#
#####.#.##.##.##.#..# ###
.###....###...##.##....# #.#
..#...##.#.##.##@###...# #.#
..........###.##.###...# #.#
..#..<###.# #.##.......# #.#
.###.## #.###.######..## #.#
..>...###.............# #.#
>.............######.#######.#
###..####....................#
#.................<..#######
#..####Y.##.###.......#


There were no monsters in sight!

Vanquished Creatures
  3 nameless horrors (D:6)
  A black bear (D:6)
  2 slaves
  An orc warrior (D:6)
  A necrophage (D:6)
  4 centaurs
  2 ogres
  A big kobold (D:7)
  A bullfrog (D:6)
  2 howler monkeys (D:6)
  3 crimson imps
  A centaur zombie (D:6)
  3 jellies
  4 orc priests
  4 orc wizards
  3 iguanas
  5 worker ants
  A hound skeleton (D:6)
  A howler monkey zombie (D:4)
  3 adders
  3 gnolls
  3 shadow imps
  An ooze (D:3)
  3 worms
  3 dart slugs
  6 leopard geckos
  19 orcs
  5 bats
  5 giant cockroaches
  A goblin (D:1)
  4 hobgoblins
  6 jackals
  8 kobolds
  3 quokkas
  3 ball pythons
  4 frilled lizards
  3 rats
126 creatures vanquished.

Vanquished Creatures (collateral kills)
  2 slaves (D:7)
  2 phantoms (D:6)
  2 kobolds (D:7)
  A leopard gecko zombie (D:7)
7 creatures vanquished.

Vanquished Creatures (others)
  A plant (D:5)
1 creature vanquished.

Grand Total: 134 creatures vanquished

Notes
Turn   | Place    | Note
-------+----------+-------------------------------------------
     0 | D:1      | vurker the Felid Ice Elementalist began the quest for the
                  | Orb.
     0 | D:1      | Reached XP level 1. HP: 7/7 MP: 4/4
   374 | D:1      | Reached XP level 2. HP: 7/12 MP: 0/6
  1182 | D:2      | Reached skill level 1 in Fighting
  1251 | D:2      | Reached XP level 3. HP: 15/15 MP: 4/7
  1287 | D:2      | Learned a level 3 spell: Frozen Ramparts
  1291 | D:2      | Learned a level 3 spell: Ozocubu's Armour
  2274 | D:3      | Reached XP level 4. HP: 19/19 MP: 6/9
  2821 | D:3      | Reached XP level 5. HP: 17/22 MP: 6/11
  2871 | D:3      | Found a sparkling altar of Nemelex Xobeh.
  3857 | D:4      | Reached skill level 5 in Ice Magic
  3857 | D:4      | Gained mutation: You are covered in thick fur. (AC +2)
                  | [Felid growth]
  3857 | D:4      | Reached XP level 6. HP: 16/27 MP: 7/13
  3867 | D:4      | Learned a level 4 spell: Hailstorm
  4275 | D:5      | Entered Level 5 of the Dungeon
  5080 | D:5      | Reached XP level 7. HP: 31/31 MP: 7/15
  5222 | D:5      | Found a staircase to the Ecumenical Temple.
  5231 | Temple   | Entered the Ecumenical Temple
  5248 | Temple   | Became a worshipper of Vehumet
  5467 | D:6      | Reached skill level 5 in Spellcasting
  5559 | D:6      | Found Rihutoc's Armour Shoppe.
  6201 | D:5      | Learned a level 4 spell: Summon Ice Beast
  6316 | D:6      | Found a burning altar of Makhleb.
  6500 | D:6      | Noticed a nameless horror
  6529 | D:6      | Killed a nameless horror
  6760 | D:6      | Reached XP level 8. HP: 31/36 MP: 12/17
  7633 | D:6      | Noticed a nameless horror
  7638 | D:6      | Killed a nameless horror
  7832 | D:6      | Noticed a nameless horror
  7839 | D:6      | Killed a nameless horror
  9221 | D:7      | Noticed Pikel
  9672 | D:7      | Reached * piety under Vehumet
  9672 | D:7      | Offered knowledge of Sandblast by Vehumet.
  9686 | D:7      | Reached skill level 5 in Fighting
 10033 | D:7      | Killed by miscasting Hailstorm
 10034 | D:7      | Reached XP level 7. HP: 0/33 MP: 3/18
 10034 | D:7      | Quit the game

Illustrated notes

Levels and vault maps discovered:
D:1:      lightli_arrival_isolated_outpost, layout_basic, minivault_19,
          minmay_tromino_v7
D:2:      layout_loops_ring, first_ration, kennysheep_generic_room_7
D:3:      layout_basic, overflow_temple_1_default
D:4:      layout_rooms
D:5:      layout_loops_ring, minmay_temple_entry_gardened_gates
D:6:      minmay_polygon_palace, layout_loops_ring, bloody_makhleb,
          serial_shops, shop
D:7:      layout_loops_ring, minitemple, uniq_pikel
Temple:   compressed_dpeg_circular_temple

Skill      XL: |  1  2  3  4  5  6  7  8 |
---------------+-------------------------+-----
Ice Magic      | 4 5 6 7 |  7.6
Fighting       | 1 2 3 5 |  5.0
Spellcasting   | 3 4 5 7 |  7.0
Dodging        | |  2.6
Stealth        | |  2.6

Action                   |  1- 3 |  4- 6 |  7- 9 || total
-------------------------+-------+-------+-------++-------
Melee: Unarmed           |     4 |    36 |    93 ||   133
       Bite              |       |     5 |     7 ||    12
 Cast: Freeze            |    43 |    77 |    71 ||   191
       Frozen Ramparts   |     1 |    10 |    32 ||    43
       Summon Ice Beast  |       |       |    19 ||    19
       Hailstorm         |       |       |     3 ||     3
  Use: Scroll            |       |     9 |     7 ||    16
 Stab: Sleeping          |     3 |     5 |     3 ||    11
       Distracted        |       |     1 |     2 ||     3
  Eat: Chunk             |    10 |     6 |    11 ||    27
Armor: Skin              |       |     2 |     8 ||    10
Dodge: Dodged            |    33 |    78 |   138 ||   249

Table legend:
 A = Non-vault XP
 B = Vault XP
 C = Vault XP percentage of total XP
 D = Non-vault monster count
 E = Vault monster count
 F = Vault count percentage of total count
                 A         B        C        D         E       F
            +---------+---------+-------+---------+---------+-------
      Total |    1920 |     803 |  29.5 |     109 |      17 |  13.5
            +---------+---------+-------+---------+---------+-------
        D:1 |      42 |       5 |  10.6 |       8 |       2 |  20.0
        D:2 |      32 |       1 |   3.0 |      12 |       1 |   7.7
        D:3 |     175 |       0 |   0.0 |      30 |       0 |   0.0
        D:4 |     148 |       0 |   0.0 |      12 |       0 |   0.0
        D:5 |     449 |       0 |   0.0 |      18 |       0 |   0.0
        D:6 |     762 |     797 |  51.1 |      16 |      14 |  46.7
        D:7 |     312 |       0 |   0.0 |      13 |       0 |   0.0
            +---------+---------+-------+---------+---------+-------
